 Dungeon Crawl Stone Soup version 0.30-a0-341-g682706514a (webtiles) character file.

Game seed: 3745635362063750961

426 IdlyInterested the Trooper (level 6, -2/52 HPs)
             Began as a Demonspawn Wanderer on Nov 4, 2022.
             Slain by Grinder (9 damage)
             ... in a sewer.
             The game lasted 00:11:47 (2826 turns).

IdlyInterested the Trooper (Demonspawn Wanderer)    Turns: 2826, Time: 00:11:47

Health: -2/52      AC:  6    Str: 17    XL:     6   Next: 64%
Magic:  6/6        EV: 11    Int: 13    God:
Gold:   29         SH:  0    Dex: 10    Spells: 5/5 levels left

rFire   + . .      SeeInvis .    j - +2 flail (vorpal)
rCold   . . .      Faith    .    (no shield)
rNeg    . . .      Spirit   .    y - +3 leather armour {rF+}
rPois   .          Reflect  .    (no helmet)
rElec   .          Harm     .    (no cloak)
rCorr   .          Rampage  .    (no gloves)
Will    +....                    (no boots)
Stlth   +.........               (no amulet)
HPRegen 0.28/turn                r - ring of willpower
MPRegen 0.10/turn                (no ring)

@: invisible
A: claws 1, hooves 2, demonic guardian 1
a: no special abilities


You were in a sewer.
You visited 1 branch of the dungeon, and saw 4 of its levels.
You also visited: Sewer.

You collected 184 gold pieces.
You spent 155 gold pieces at shops.

Inventory:

Hand Weapons
 h - a +0 war axe
 j - a +2 vorpal flail (weapon)
 l - a +1 whip of freezing
 o - a +0 spear
 u - a +0 rapier
 A - a +3 short sword of freezing
Missiles
 g - 5 boomerangs
 m - 6 javelins
 t - 8 poisoned darts
Armour
 c - a +1 buckler
 y - a +3 leather armour of fire resistance (worn)
Jewellery
 e - an amulet of faith
 r - a ring of willpower (left claw)
Wands
 f - a wand of polymorph (15)
 p - a wand of flame (17) (quivered)
 x - a wand of digging (5)
Scrolls
 a - a scroll of enchant weapon
 b - 2 scrolls of butterflies
 k - 2 scrolls of fear {unknown}
 s - 2 scrolls of teleportation
 v - 3 scrolls of magic mapping
Potions
 d - a potion of brilliance
 i - 2 potions of invisibility
 n - a potion of flight
 q - 2 potions of heal wounds {unknown}
 w - 2 potions of lignification
 B - a potion of mutation {unknown}


   Skills:
 + Level 5.7 Fighting
 * Level 3.6 Armour
 - Level 2.0 Dodging
 - Level 1.0 Stealth
 - Level 1.7 Shields
 - Level 4.0 Evocations


You had 5 spell levels left.
You didn't know any spells.
Your spell library contained the following spells:

 Spells                   Type           Power      Damage    Failure   Level
 Stone Arrow              Conj/Erth      0%         3d7       73%         3
 Summon Guardian Golem    Hex/Summ       0%         N/A       73%         3
 Yara's Violent Unravell  Hex/Tmut       0%         3d3       100%        5
 Orb of Destruction       Conj           0%         9d5       100%        7
 Spellforged Servitor     Conj/Summ      0%         N/A       100%        7
 Necromutation            Tmut/Necr      0%         N/A       100%        8


Dungeon Overview and Level Annotations

Branches:
Dungeon (4/15)              Sewer (1/1)
 Temple: D:4-7

Altars:
Ashenzari

Shops:
D:2 ([*   D:3 =

Annotations:
Sewer Grinder


Innate Abilities, Weirdness & Mutations

You have sharp fingernails.
You have hoof-like feet.
A weak demonic guardian rushes to your aid.


Message History

Okay, then.
Okay, then.
You hit Grinder.
Grinder is moderately wounded.
The ufetubus closely misses you. The ufetubus hits you.
* * * LOW HITPOINT WARNING * * *
The kobold barely misses you. Grinder hits you.
* * * LOW HITPOINT WARNING * * *
A demonic guardian appears!
You writhe in agony.
* * * LOW HITPOINT WARNING * * *
The ufetubus barely misses you. The ufetubus hits you.
* * * LOW HITPOINT WARNING * * *
You feel better. The ufetubus hits you.
* * * LOW HITPOINT WARNING * * *
The ufetubus closely misses you. Grinder hits you but does no damage.
The kobold hits you with a +0 dagger.
* * * LOW HITPOINT WARNING * * *
Your quasit closely misses the kobold.
Your quasit barely misses the kobold.
Your quasit claws the kobold but does no damage.
It was a potion of invisibility.
You fade into invisibility!
The ufetubus barely misses you. x2
Grinder gestures at you. You resist with almost no effort.
Your quasit bites the kobold.
Your quasit barely misses the kobold.
Your quasit claws the kobold but does no damage.
The kobold hits your quasit but does no damage.
The ufetubus barely misses you. x2
You hit Grinder but do no damage.
Grinder is moderately wounded.
The ufetubus hits you but does no damage. x2
Your quasit closely misses the kobold.
Your quasit barely misses the kobold.
Your quasit completely misses the kobold.
Grinder gestures at you. You resist with some effort.
The kobold closely misses you. The ufetubus barely misses you. x2
Your quasit bites the kobold but does no damage.
Your quasit barely misses the kobold.
Your quasit claws the kobold.
Grinder hits you!
You die...

≈≈≈~~~..#.~≈###'''##
≈~≈≈....#.~≈##.....##
#≈###.####.###.)⌠...#
.)....≈≈#..)#.....⌠.+
.†...≈≈≈≈...[.⌠._...+
......≈≈#..)#.....⌠.+
###≈#.####.###..⌠...#
≈≈≈~....#.~≈##.....##
≈≈≈≈≈...#.~≈###'@5##
≈≈≈≈≈≈≈.#.~≈##≈5K5≈#
≈≈≈≈≈≈≈.#..≈##≈...≈#
≈≈≈≈≈~≈.#.~≈##≈...≈#
≈≈≈≈≈≈~.'.≈≈##≈...≈#
##########~###≈...~#
~≈≈≈≈≈~.~~≈≈##~...~#
≈≈≈≈≈≈~~~.~≈###!$!##
≈≈≈≈≈≈~~~≈≈≈#


You could see Grinder (unable to see you), an ufetubus (unable to see you), a
kobold (unable to see you, ally target) and a friendly quasit (summoned).

Vanquished Creatures
  A phantom (Sewer)
  A wight (Sewer)
  A jelly (D:4)
  2 gnolls (D:3)
  7 adders
  4 shadow imps (Sewer)
  4 ufetubi (Sewer)
  3 worms (D:3)
  3 dart slugs
  A ball python (D:2)
  4 endoplasms
  6 giant cockroaches
  6 hobgoblins
  8 bats
  2 frilled lizards
  8 goblins
  22 kobolds
  2 kobold zombies (Sewer)
  5 rats
90 creatures vanquished.

Vanquished Creatures (collateral kills)
  Ijyb (D:3)
  2 gnolls (D:3)
  A bat (Sewer)
  A kobold (D:3)
5 creatures vanquished.

Grand Total: 95 creatures vanquished

Notes
Turn   | Place    | Note
-------+----------+-------------------------------------------
     0 | D:1      | IdlyInterested the Demonspawn Wanderer began the quest for
                  | the Orb.
     0 | D:1      | IdlyInterested set off with the following items: a +0 club,
                  | a scroll of butterflies, a +0 buckler, a potion of
                  | brilliance, a +0 leather armour, a wand of polymorph (15).
     0 | D:1      | Reached XP level 1. HP: 18/18 MP: 1/1
   291 | D:1      | Reached skill level 1 in Armour
   291 | D:1      | Discovered your monstrous ancestry.
   291 | D:1      | Gained mutation: You have sharp fingernails. [demonic
                  | ancestry]
   291 | D:1      | Reached XP level 2. HP: 24/24 MP: 2/2
  1038 | D:2      | Gained mutation: You have large cloven feet. [demonic
                  | ancestry]
  1038 | D:2      | Reached XP level 3. HP: 29/29 MP: 3/3
  1175 | D:2      | Found Boifamax's Antique Weapon Emporium.
  1254 | D:2      | Found Quli's General Store.
  1259 | D:2      | Reached skill level 4 in Fighting
  1267 | D:2      | Gained mutation: A weak demonic guardian rushes to your
                  | aid. [demonic ancestry]
  1267 | D:2      | Reached XP level 4. HP: 22/37 MP: 4/4
  1274 | D:2      | Found Lomimori's Armour Shop.
  1336 | D:2      | Reached skill level 1 in Dodging
  1719 | D:2      | Bought a scroll of enchant weapon for 75 gold pieces
  1719 | D:2      | Bought a potion of curing for 30 gold pieces
  1719 | D:2      | Bought a scroll of identify for 20 gold pieces
  1719 | D:2      | Bought a potion of lignification for 30 gold pieces
  1794 | D:3      | Noticed Ijyb
  1813 | D:3      | Killed Ijyb
  2071 | D:3      | Reached XP level 5. HP: 42/43 MP: 5/5
  2109 | D:3      | HP: 1/43 [gnoll/+0 halberd (4)]
  2112 | D:3      | Reached skill level 5 in Fighting
  2326 | D:3      | Found a broken altar of Ashenzari.
  2474 | D:3      | Found Mareoghui's Jewellery Shop.
  2564 | D:4      | Found a glowing drain.
  2570 | D:4      | Got Hutosch's Teachings on Combative Shapes
  2591 | Sewer    | Entered a sewer
  2692 | Sewer    | Gained mutation: You have hoof-like feet. [demonic
                  | ancestry]
  2692 | Sewer    | Reached XP level 6. HP: 50/51 MP: 6/6
  2702 | Sewer    | Found an ancient bone altar of Kikubaaqudgha.
  2812 | Sewer    | Noticed Grinder
  2826 | Sewer    | Slain by Grinder

Illustrated notes

Levels and vault maps discovered:
D:1:      minmay_arrival_widening_spiral_wide, layout_basic, minmay_unequal
D:2:      layout_basic, serial_shops, shop, shop_fountains, shop,
          hangedman_decor_slide_cut
D:3:      layout_basic, lemuel_crystal_altar, serial_shops,
          nicolae_shop_waterfront, uniq_ijyb
D:4:      cheibrodos_barr_body, layout_rooms, okawaru_ov_weapons_minmay,
          portal_sewer_entry_a
Sewer:    kennysheep_sewer_church

Skill      XL: |  1  2  3  4  5  6 |
---------------+-------------------+-----
Armour         | 1 2 3 |  3.6
Fighting       | 4 5 |  5.7
Dodging        | 1 2 |  2.0
Stealth        | |  1.0
Shields        | |  1.7
Evocations     | |  4.0

Action                   |  1- 3 |  4- 6 || total
-------------------------+-------+-------++-------
Melee: Club              |    27 |       ||    27
       Mace              |   107 |    64 ||   171
       Kick              |     6 |    37 ||    43
       Flail             |       |    98 ||    98
  Use: Scroll            |       |     7 ||     7
       Potion            |       |     3 ||     3
 Stab: Sleeping          |       |     2 ||     2
Armor: Scale mail        |    90 |    38 ||   128
       Leather armour    |       |    58 ||    58
Dodge: Dodged            |    77 |   133 ||   210
Block: Buckler           |    10 |       ||    10

Table legend: (Time is in decaauts)
 A = Elapsed time spent in this place.
 B = Non-inter-level travel time spent in this place.
 C = Inter-level travel time spent in this place.
 D = Time resting spent in this place.
 E = Time spent auto-exploring this place.
 F = Levels seen in this place.
 G = Mean time per level.
                   A        B        C        D        E       F      G
               +--------+--------+--------+--------+--------+-----+--------+
         Total |   2960 |   2758 |    202 |    270 |   1393 |   5 |  592.0 |
       Dungeon |   2682 |   2480 |    202 |    270 |   1393 |   4 |  670.5 |
         Sewer |    278 |    278 |      0 |      0 |      0 |   1 |  278.0 |
               +--------+--------+--------+--------+--------+-----+--------+

Top non-repeatable levels by time:
     D:1: 1037 daAuts
     D:3: 855 daAuts
     D:2: 759 daAuts
   Sewer: 278 daAuts
     D:4: 30 daAuts
